2497 views
Uploaded 2024-04-27 03:20:35
Game version 1.36 (6115)
40:32 long 3on3 ladder game on (6)Monsoon_LV
Saved by GIGA
2497 views
Uploaded 2024-04-27 03:20:35
Game version 1.36 (6115)
40:32 long 3on3 ladder game on (6)Monsoon_LV


170 units @ 24.3k
/ 4.7k
126 buildings @ 16.6k
/ 6.3k
Trippyhippie
(37:35) : 
| Scroll of Regeneration | 1 | 100 |
| Scroll of Town Portal | 5 | 1750 |
| total: | 6 | 1850g |
| Peasant | 10 | 750 | / | 0 |
| Rifleman | 8 | 1640 | / | 240 |
| Flying Machine | 28 | 2800 | / | 840 |
| total: | 46 | 5190g | / | 1080w |
| Scout Tower | 10 | 300 | / | 200 |
| Arcane Tower | 3 | 210 | / | 150 |
| Guard Tower | 5 | 350 | / | 250 |
| Altar of Kings | 2 | 360 | / | 100 |
| Farm | 20 | 1600 | / | 400 |
| Barracks | 2 | 320 | / | 120 |
| Blacksmith | 2 | 280 | / | 120 |
| Arcane Vault | 3 | 390 | / | 90 |
| Lumber Mill | 2 | 240 | / | 0 |
| Town Hall | 1 | 385 | / | 205 |
| Workshop | 4 | 560 | / | 560 |
| Keep | 2 | 640 | / | 420 |
| total: | 46 | 4435g | / | 1795w |
| 0:03 | Peasant |
| 0:04 | Peasant |
| 0:04 | Peasant |
| 0:21 | Altar of Kings |
| 0:32 | Peasant |
| 0:36 | Farm |
| 0:46 | Peasant |
| 0:52 | Barracks |
| 0:56 | Peasant |
| 1:36 | Blacksmith |
| 1:42 | Peasant |
| 1:46 | Farm |
| 2:07 | Arcane Vault |
| 2:11 | Arcane Vault |
| 2:18 | Peasant |
| 2:29 | Lumber Mill |
| 2:33 | Rifleman |
| 2:36 | Farm |
| 2:38 | Flame Strike |
| 2:48 | Barracks |
| 2:59 | Rifleman |
| 3:28 | Farm |
| 3:31 | Farm |
| 3:32 | Farm |
| 3:38 | Rifleman |
| 4:25 | Rifleman |
| 4:26 | Black Gunpowder |
| 5:01 | Keep |
| 5:08 | Scout Tower |
| 5:12 | Scout Tower |
| 5:21 | Siphon Mana |
| 5:25 | Improved Lumber Harvesting |
| 5:45 | Arcane Tower |
| 5:59 | Arcane Tower |
| 6:37 | Rifleman |
| 7:05 | Siphon Mana |
| 7:18 | Studded Leather Armor |
| 7:23 | Farm |
| 7:24 | Farm |
| 7:26 | Long Rifles |
| 7:31 | Scroll of Regeneration |
| 7:40 | Scout Tower |
| 7:41 | Scout Tower |
| 7:43 | Scout Tower |
| 7:51 | Rifleman |
| 8:23 | Guard Tower |
| 8:25 | Guard Tower |
| 8:28 | Scout Tower |
| 8:32 | Scout Tower |
| 9:51 | Guard Tower |
| 9:52 | Guard Tower |
| 9:54 | Arcane Tower |
| 9:59 | Town Hall |
| 10:03 | Peasant |
| 10:03 | Peasant |
| 10:22 | Refined Gunpowder |
| 11:34 | Flame Strike |
| 11:56 | Workshop |
| 12:00 | Workshop |
| 12:36 | Keep |
| 13:31 | Blacksmith |
| 13:46 | Rifleman |
| 13:49 | Rifleman |
| 15:01 | Workshop |
| 15:01 | Workshop |
| 16:18 | Flak Cannons |
| 17:18 | Scroll of Town Portal |
| 17:27 | Farm |
| 17:27 | Farm |
| 17:28 | Farm |
| 17:29 | Farm |
| 17:30 | Farm |
| 18:17 | Flying Machine |
| 18:17 | Flying Machine |
| 18:17 | Flying Machine |
| 18:17 | Flying Machine |
| 18:18 | Flying Machine |
| 18:18 | Flying Machine |
| 18:18 | Flying Machine |
| 18:18 | Flying Machine |
| 19:09 | Scroll of Town Portal |
| 19:27 | Flying Machine |
| 20:25 | Scroll of Town Portal |
| 21:43 | Flying Machine |
| 21:44 | Flying Machine |
| 21:44 | Flying Machine |
| 21:44 | Flying Machine |
| 22:40 | Lumber Mill |
| 23:03 | Flying Machine |
| 23:03 | Flying Machine |
| 23:48 | Flying Machine |
| 23:48 | Flying Machine |
| 24:18 | Flying Machine |
| 24:45 | Arcane Vault |
| 26:40 | Farm |
| 27:01 | Scroll of Town Portal |
| 27:25 | Farm |
| 27:25 | Farm |
| 27:26 | Farm |
| 27:46 | Farm |
| 27:47 | Farm |
| 27:48 | Farm |
| 28:30 | Flying Machine |
| 30:01 | Scroll of Town Portal |
| 31:39 | Scout Tower |
| 31:40 | Scout Tower |
| 31:41 | Scout Tower |
| 31:59 | Flying Machine |
| 32:00 | Flying Machine |
| 32:01 | Flying Machine |
| 32:23 | Guard Tower |
| 35:43 | Flying Machine |
| 35:43 | Flying Machine |
| 35:49 | Altar of Kings |
| 36:06 | Flying Machine |
| 36:06 | Flying Machine |
| 36:33 | Flying Machine |
| 36:33 | Flying Machine |
| Right click | 652 |
| Select | 455 |
| Build/train/purchase | 78 |
| Chat | 47 |
| Resource trade | 25 |
| Use ability | 12 |
| Select group | 8 |
| Assign group | 6 |
| Minimap ping | 3 |
| Misc. action | 2 |
| Item give/drop | 1 |
| Remove unit | 1 |


| Orb of Corruption | 1 | 375 |
| Scroll of Town Portal | 1 | 350 |
| Scroll of Healing | 1 | 250 |
| total: | 3 | 975g |
| Acolyte | 17 | 1275 | / | 0 |
| Ghoul | 5 | 600 | / | 0 |
| Crypt Fiend | 18 | 3870 | / | 720 |
| Meat Wagon | 12 | 2760 | / | 600 |
| Gargoyle | 2 | 350 | / | 60 |
| Obsidian Statue | 5 | 1000 | / | 175 |
| total: | 59 | 9855g | / | 1555w |
| Spirit Tower | 13 | 1885 | / | 520 |
| Crypt | 4 | 800 | / | 200 |
| Ziggurat | 28 | 4200 | / | 1400 |
| Altar of Darkness | 4 | 720 | / | 200 |
| Graveyard | 2 | 430 | / | 0 |
| Tomb of Relics | 1 | 130 | / | 30 |
| Necropolis | 3 | 675 | / | 0 |
| Slaughterhouse | 2 | 280 | / | 270 |
| Halls of the Dead | 4 | 1280 | / | 840 |
| Black Citadel | 1 | 325 | / | 230 |
| total: | 44 | 7235g | / | 2100w |
| 0:01 | Acolyte |
| 0:04 | Crypt |
| 0:09 | Ziggurat |
| 0:19 | Acolyte |
| 0:36 | Altar of Darkness |
| 0:56 | Graveyard |
| 1:08 | Ghoul |
| 1:08 | Ghoul |
| 1:21 | Ziggurat |
| 1:25 | Ghoul |
| 1:25 | Ghoul |
| 1:43 | Ghoul |
| 2:17 | Halls of the Dead |
| 2:36 | Crypt Fiend |
| 2:39 | Death Coil |
| 3:02 | Ziggurat |
| 3:10 | Crypt Fiend |
| 3:10 | Crypt Fiend |
| 3:41 | Crypt Fiend |
| 3:45 | Unholy Aura |
| 4:13 | Crypt Fiend |
| 5:04 | Acolyte |
| 5:13 | Ziggurat |
| 5:24 | Tomb of Relics |
| 5:38 | Frost Nova |
| 6:00 | Acolyte |
| 6:01 | Acolyte |
| 6:01 | Acolyte |
| 6:01 | Acolyte |
| 6:06 | Creature Attack |
| 6:50 | Death Coil |
| 7:01 | Crypt Fiend |
| 7:02 | Web |
| 7:44 | Frost Armor |
| 7:48 | Ziggurat |
| 7:50 | Black Citadel |
| 7:51 | Ziggurat |
| 8:15 | Improved Creature Attack |
| 8:21 | Crypt Fiend |
| 8:50 | Crypt Fiend |
| 9:24 | Slaughterhouse |
| 9:44 | Creature Carapace |
| 10:20 | Slaughterhouse |
| 10:46 | Disease Cloud |
| 10:46 | Meat Wagon |
| 11:14 | Unholy Aura |
| 11:21 | Frost Nova |
| 11:29 | Meat Wagon |
| 11:45 | Advanced Creature Attack |
| 12:00 | Crypt Fiend |
| 12:10 | Meat Wagon |
| 12:11 | Meat Wagon |
| 12:33 | Spirit Tower |
| 12:35 | Spirit Tower |
| 12:42 | Gargoyle |
| 13:02 | Spirit Tower |
| 13:03 | Spirit Tower |
| 13:25 | Gargoyle |
| 13:34 | Ziggurat |
| 13:59 | Scroll of Town Portal |
| 14:11 | Orb of Corruption |
| 14:13 | Scroll of Healing |
| 14:18 | Ziggurat |
| 14:19 | Ziggurat |
| 14:22 | Ziggurat |
| 14:40 | Meat Wagon |
| 14:40 | Meat Wagon |
| 14:43 | Spirit Tower |
| 15:17 | Spirit Tower |
| 15:56 | Obsidian Statue |
| 15:56 | Obsidian Statue |
| 17:10 | Improved Creature Carapace |
| 17:10 | Advanced Creature Carapace |
| 18:03 | Obsidian Statue |
| 18:03 | Obsidian Statue |
| 18:13 | Meat Wagon |
| 18:14 | Meat Wagon |
| 19:03 | Crypt Fiend |
| 19:09 | Obsidian Statue |
| 19:39 | Crypt Fiend |
| 19:40 | Meat Wagon |
| 20:30 | Necropolis |
| 21:17 | Crypt Fiend |
| 21:22 | Necropolis |
| 21:23 | Ziggurat |
| 21:25 | Ziggurat |
| 21:42 | Altar of Darkness |
| 21:51 | Crypt Fiend |
| 22:05 | Spirit Tower |
| 22:16 | Spirit Tower |
| 22:25 | Crypt Fiend |
| 22:48 | Crypt Fiend |
| 23:28 | Crypt Fiend |
| 24:09 | Crypt Fiend |
| 24:27 | Crypt Fiend |
| 24:32 | Death Coil |
| 25:28 | Ziggurat |
| 25:28 | Ziggurat |
| 26:21 | Spirit Tower |
| 27:13 | Meat Wagon |
| 27:30 | Acolyte |
| 28:17 | Meat Wagon |
| 30:08 | Frost Armor |
| 30:22 | Acolyte |
| 30:22 | Acolyte |
| 30:22 | Acolyte |
| 30:22 | Acolyte |
| 33:18 | Meat Wagon |
| 34:19 | Necropolis |
| 35:31 | Altar of Darkness |
| 35:32 | Crypt |
| 35:39 | Ziggurat |
| 35:40 | Ziggurat |
| 35:43 | Ziggurat |
| 35:44 | Ziggurat |
| 35:45 | Ziggurat |
| 37:30 | Acolyte |
| 37:30 | Acolyte |
| 37:30 | Acolyte |
| 37:30 | Acolyte |
| 37:31 | Acolyte |
| 38:45 | Altar of Darkness |
| 38:49 | Ziggurat |
| 38:50 | Ziggurat |
| 38:52 | Ziggurat |
| 38:53 | Ziggurat |
| 38:53 | Ziggurat |
| 38:55 | Ziggurat |
| 38:56 | Ziggurat |
| 38:58 | Ziggurat |
| 38:59 | Ziggurat |
| 39:35 | Halls of the Dead |
| 39:53 | Graveyard |
| 39:58 | Crypt |
| 40:01 | Crypt |
| Right click | 1989 |
| Select | 836 |
| Misc. action | 449 |
| Select group | 283 |
| Build/train/purchase | 160 |
| Use ability | 51 |
| Assign group | 43 |
| Esc | 19 |
| Minimap ping | 14 |
| Resource trade | 11 |
| Item give/drop | 3 |


| Scroll of Regeneration | 1 | 100 |
| Lesser Clarity Potion | 1 | 70 |
| Potion of Healing | 2 | 300 |
| Potion of Mana | 3 | 600 |
| Orb of Fire | 2 | 650 |
| Scroll of Town Portal | 3 | 1050 |
| total: | 12 | 2770g |
| Peasant | 20 | 1500 | / | 0 |
| Footman | 5 | 675 | / | 0 |
| Rifleman | 8 | 1640 | / | 240 |
| Flying Machine | 7 | 700 | / | 210 |
| Siege Engine | 13 | 2535 | / | 780 |
| Mortar Team | 12 | 2160 | / | 840 |
| total: | 65 | 9210g | / | 2070w |
| Scout Tower | 9 | 270 | / | 180 |
| Arcane Tower | 1 | 70 | / | 50 |
| Guard Tower | 7 | 490 | / | 350 |
| Altar of Kings | 1 | 180 | / | 50 |
| Farm | 11 | 880 | / | 220 |
| Barracks | 1 | 160 | / | 60 |
| Blacksmith | 1 | 140 | / | 60 |
| Arcane Vault | 2 | 260 | / | 60 |
| Lumber Mill | 1 | 120 | / | 0 |
| Town Hall | 6 | 2310 | / | 1230 |
| Cannon Tower | 1 | 120 | / | 100 |
| Workshop | 4 | 560 | / | 560 |
| Keep | 1 | 320 | / | 210 |
| Castle | 2 | 720 | / | 420 |
| total: | 36 | 4880g | / | 2420w |
| 0:04 | Altar of Kings |
| 0:06 | Farm |
| 0:07 | Peasant |
| 0:07 | Peasant |
| 0:24 | Peasant |
| 0:32 | Barracks |
| 0:39 | Farm |
| 0:47 | Peasant |
| 1:00 | Peasant |
| 1:17 | Peasant |
| 1:17 | Peasant |
| 1:35 | Footman |
| 1:35 | Footman |
| 1:47 | Blacksmith |
| 1:56 | Footman |
| 1:57 | Footman |
| 2:09 | Storm Bolt |
| 2:13 | Arcane Vault |
| 2:31 | Scout Tower |
| 2:43 | Footman |
| 2:47 | Rifleman |
| 3:16 | Arcane Tower |
| 3:19 | Farm |
| 3:39 | Rifleman |
| 3:56 | Lumber Mill |
| 4:00 | Rifleman |
| 4:20 | Rifleman |
| 4:48 | Bash |
| 5:17 | Peasant |
| 5:17 | Peasant |
| 5:17 | Peasant |
| 5:18 | Peasant |
| 5:21 | Improved Lumber Harvesting |
| 5:37 | Town Hall |
| 5:45 | Farm |
| 6:27 | Storm Bolt |
| 6:33 | Rifleman |
| 6:34 | Rifleman |
| 6:39 | Farm |
| 6:54 | Scroll of Regeneration |
| 6:55 | Lesser Clarity Potion |
| 7:06 | Peasant |
| 7:06 | Peasant |
| 8:09 | Keep |
| 8:11 | Rifleman |
| 8:11 | Rifleman |
| 8:22 | Black Gunpowder |
| 8:22 | Refined Gunpowder |
| 8:26 | Peasant |
| 8:27 | Peasant |
| 8:27 | Peasant |
| 8:43 | Improved Masonry |
| 9:15 | Studded Leather Armor |
| 11:36 | Workshop |
| 11:40 | Workshop |
| 11:57 | Advanced Lumber Harvesting |
| 12:44 | Flying Machine |
| 12:44 | Flying Machine |
| 12:56 | Flying Machine |
| 12:58 | Holy Light |
| 13:13 | Scout Tower |
| 13:15 | Advanced Masonry |
| 13:19 | Flying Machine |
| 13:20 | Flying Machine |
| 13:46 | Peasant |
| 13:47 | Peasant |
| 13:54 | Cannon Tower |
| 14:37 | Town Hall |
| 14:43 | Flak Cannons |
| 15:37 | Farm |
| 15:42 | Town Hall |
| 16:18 | Castle |
| 17:10 | Workshop |
| 17:43 | Scout Tower |
| 17:45 | Scout Tower |
| 18:02 | Town Hall |
| 18:04 | Scout Tower |
| 18:21 | Potion of Healing |
| 18:21 | Potion of Mana |
| 18:22 | Scroll of Town Portal |
| 18:23 | Potion of Healing |
| 18:23 | Potion of Mana |
| 18:32 | Farm |
| 18:36 | Guard Tower |
| 18:49 | Scroll of Town Portal |
| 18:49 | Orb of Fire |
| 19:01 | Guard Tower |
| 19:10 | Siege Engine |
| 19:10 | Siege Engine |
| 19:23 | Scout Tower |
| 19:38 | Scout Tower |
| 19:42 | Siege Engine |
| 19:48 | Scout Tower |
| 19:54 | Workshop |
| 20:00 | Guard Tower |
| 20:13 | Barrage |
| 20:17 | Farm |
| 20:19 | Guard Tower |
| 20:24 | Scout Tower |
| 20:40 | Arcane Vault |
| 20:43 | Guard Tower |
| 20:56 | Guard Tower |
| 21:06 | Town Hall |
| 21:24 | Siege Engine |
| 21:28 | Farm |
| 21:42 | Bash |
| 22:05 | Siege Engine |
| 22:23 | Orb of Fire |
| 22:42 | Imbued Gunpowder |
| 23:11 | Farm |
| 23:49 | Siege Engine |
| 24:09 | Siege Engine |
| 25:35 | Flying Machine Bombs |
| 25:36 | Flying Machine |
| 25:36 | Flying Machine |
| 26:01 | Siege Engine |
| 26:26 | Siege Engine |
| 26:26 | Siege Engine |
| 26:42 | Farm |
| 27:33 | Siege Engine |
| 27:46 | Reinforced Leather Armor |
| 27:46 | Dragonhide Armor |
| 28:01 | Peasant |
| 28:02 | Peasant |
| 28:53 | Scroll of Town Portal |
| 29:18 | Siege Engine |
| 29:18 | Siege Engine |
| 31:44 | Town Hall |
| 32:41 | Devotion Aura |
| 34:19 | Mortar Team |
| 34:19 | Fragmentation Shards |
| 35:14 | Mortar Team |
| 35:14 | Mortar Team |
| 35:16 | Mortar Team |
| 35:16 | Mortar Team |
| 35:54 | Mortar Team |
| 35:54 | Mortar Team |
| 36:15 | Mortar Team |
| 36:16 | Mortar Team |
| 36:38 | Mortar Team |
| 36:38 | Mortar Team |
| 37:42 | Potion of Mana |
| 38:01 | Mortar Team |
| 38:01 | Flare |
| Right click | 588 |
| Select | 493 |
| Select group | 491 |
| Misc. action | 157 |
| Build/train/purchase | 143 |
| Chat | 79 |
| Assign group | 59 |
| Use ability | 50 |
| Resource trade | 24 |
| Minimap ping | 18 |
| Item give/drop | 9 |
| Remove unit | 5 |
145 units @ 14k
/ 1.9k
106 buildings @ 10.5k
/ 5k


| Peasant | 11 | 825 | / | 0 |
| Flying Machine | 41 | 4100 | / | 1230 |
| Dragonhawk Rider | 10 | 2000 | / | 300 |
| Mortar Team | 1 | 180 | / | 70 |
| total: | 63 | 7105g | / | 1600w |
| Scout Tower | 3 | 90 | / | 60 |
| Arcane Tower | 1 | 70 | / | 50 |
| Guard Tower | 1 | 70 | / | 50 |
| Altar of Kings | 1 | 180 | / | 50 |
| Farm | 11 | 880 | / | 220 |
| Lumber Mill | 1 | 120 | / | 0 |
| Blacksmith | 1 | 140 | / | 60 |
| Arcane Vault | 1 | 130 | / | 30 |
| Barracks | 1 | 160 | / | 60 |
| Workshop | 3 | 420 | / | 420 |
| Gryphon Aviary | 1 | 140 | / | 150 |
| Keep | 1 | 320 | / | 210 |
| Castle | 1 | 360 | / | 210 |
| total: | 23 | 2260g | / | 1050w |
| 0:03 | Peasant |
| 0:03 | Peasant |
| 0:06 | Peasant |
| 0:17 | Altar of Kings |
| 0:22 | Farm |
| 0:24 | Farm |
| 0:31 | Peasant |
| 0:56 | Lumber Mill |
| 0:58 | Peasant |
| 1:08 | Scout Tower |
| 1:26 | Peasant |
| 1:26 | Peasant |
| 1:39 | Peasant |
| 1:46 | Peasant |
| 1:46 | Peasant |
| 1:53 | Improved Lumber Harvesting |
| 2:06 | Scout Tower |
| 2:07 | Scout Tower |
| 2:10 | Peasant |
| 2:12 | Arcane Tower |
| 2:25 | Storm Bolt |
| 2:30 | Improved Masonry |
| 2:57 | Keep |
| 3:17 | Guard Tower |
| 4:19 | Blacksmith |
| 4:56 | Farm |
| 4:57 | Farm |
| 5:18 | Castle |
| 5:32 | Black Gunpowder |
| 5:37 | Workshop |
| 5:39 | Workshop |
| 5:42 | Workshop |
| 6:00 | Advanced Masonry |
| 6:07 | Gryphon Aviary |
| 6:11 | Arcane Vault |
| 6:22 | Farm |
| 6:24 | Farm |
| 6:24 | Farm |
| 6:33 | Refined Gunpowder |
| 6:43 | Flak Cannons |
| 6:44 | Flying Machine |
| 7:11 | Flying Machine |
| 7:12 | Flying Machine |
| 7:15 | Flying Machine |
| 7:17 | Flare |
| 7:17 | Flying Machine |
| 7:34 | Flying Machine |
| 7:34 | Flying Machine |
| 7:35 | Flying Machine |
| 7:45 | Cloud |
| 7:46 | Dragonhawk Rider |
| 7:46 | Dragonhawk Rider |
| 7:49 | Imbued Gunpowder |
| 7:50 | Iron Plating |
| 7:53 | Flying Machine Bombs |
| 7:54 | Fragmentation Shards |
| 7:56 | Flying Machine |
| 8:00 | Flying Machine |
| 8:00 | Flying Machine |
| 8:23 | Flying Machine |
| 8:26 | Imbued Masonry |
| 10:01 | Flying Machine |
| 10:01 | Flying Machine |
| 10:01 | Flying Machine |
| 10:01 | Flying Machine |
| 10:01 | Flying Machine |
| 10:01 | Flying Machine |
| 10:07 | Farm |
| 10:09 | Farm |
| 10:47 | Farm |
| 11:24 | Flying Machine |
| 12:12 | Farm |
| 14:35 | Steel Plating |
| 16:05 | Flying Machine |
| 16:05 | Flying Machine |
| 16:05 | Flying Machine |
| 16:06 | Flying Machine |
| 16:22 | Flying Machine |
| 16:23 | Flying Machine |
| 16:23 | Flying Machine |
| 16:23 | Flying Machine |
| 16:23 | Flying Machine |
| 16:38 | Dragonhawk Rider |
| 16:38 | Dragonhawk Rider |
| 16:39 | Dragonhawk Rider |
| 17:33 | Mortar Team |
| 17:53 | Mithril Plating |
| 28:11 | Bash |
| 30:12 | Flying Machine |
| 30:12 | Flying Machine |
| 30:12 | Flying Machine |
| 30:13 | Flying Machine |
| 30:13 | Flying Machine |
| 30:30 | Dragonhawk Rider |
| 30:30 | Dragonhawk Rider |
| 30:34 | Barracks |
| 30:38 | Studded Leather Armor |
| 31:08 | Animal War Training |
| 31:36 | Flying Machine |
| 31:46 | Flying Machine |
| 31:48 | Reinforced Leather Armor |
| 34:14 | Holy Light |
| 37:41 | Flying Machine |
| 37:41 | Flying Machine |
| 37:41 | Flying Machine |
| 37:41 | Flying Machine |
| 37:41 | Flying Machine |
| 37:41 | Flying Machine |
| 37:43 | Dragonhawk Rider |
| 37:44 | Dragonhawk Rider |
| 37:44 | Dragonhawk Rider |
| 38:33 | Storm Bolt |
| Right click | 3175 |
| Select group | 3113 |
| Select | 512 |
| Build/train/purchase | 121 |
| Chat | 108 |
| Use ability | 43 |
| Assign group | 34 |
| Minimap ping | 21 |
| Resource trade | 18 |
| Esc | 8 |
| Remove unit | 2 |
DudeWhy
(236)
(40:29) : 


| Boots of Speed | 4 | 1000 |
| Healing Salve | 1 | 100 |
| total: | 5 | 1100g |
| Peasant | 32 | 2400 | / | 0 |
| Mortar Team | 2 | 360 | / | 140 |
| total: | 34 | 2760g | / | 140w |
| Scout Tower | 43 | 1290 | / | 860 |
| Arcane Tower | 9 | 630 | / | 450 |
| Guard Tower | 12 | 840 | / | 600 |
| Altar of Kings | 2 | 360 | / | 100 |
| Farm | 6 | 480 | / | 120 |
| Lumber Mill | 2 | 240 | / | 0 |
| Town Hall | 4 | 1540 | / | 820 |
| Arcane Vault | 1 | 130 | / | 30 |
| Blacksmith | 1 | 140 | / | 60 |
| Arcane Sanctum | 2 | 300 | / | 280 |
| Workshop | 2 | 280 | / | 280 |
| Keep | 1 | 320 | / | 210 |
| Castle | 1 | 360 | / | 210 |
| total: | 63 | 4760g | / | 2550w |
| 0:01 | Peasant |
| 0:05 | Altar of Kings |
| 0:12 | Peasant |
| 0:18 | Farm |
| 0:19 | Peasant |
| 0:32 | Peasant |
| 0:41 | Peasant |
| 0:51 | Peasant |
| 0:57 | Farm |
| 0:58 | Peasant |
| 1:14 | Scout Tower |
| 1:16 | Peasant |
| 1:19 | Lumber Mill |
| 1:21 | Peasant |
| 1:37 | Scout Tower |
| 1:44 | Arcane Tower |
| 1:47 | Peasant |
| 2:04 | Peasant |
| 2:13 | Storm Bolt |
| 2:17 | Arcane Tower |
| 2:18 | Scout Tower |
| 2:29 | Peasant |
| 2:31 | Farm |
| 3:45 | Guard Tower |
| 3:46 | Scout Tower |
| 3:52 | Town Hall |
| 3:57 | Scout Tower |
| 4:08 | Scout Tower |
| 4:09 | Scout Tower |
| 4:18 | Peasant |
| 4:18 | Peasant |
| 4:20 | Improved Lumber Harvesting |
| 4:21 | Improved Masonry |
| 4:35 | Scout Tower |
| 4:35 | Scout Tower |
| 4:37 | Scout Tower |
| 4:37 | Scout Tower |
| 4:40 | Guard Tower |
| 4:44 | Peasant |
| 5:03 | Arcane Tower |
| 5:12 | Healing Salve |
| 5:24 | Peasant |
| 5:28 | Scout Tower |
| 5:29 | Scout Tower |
| 5:55 | Guard Tower |
| 5:56 | Scout Tower |
| 5:59 | Peasant |
| 5:59 | Peasant |
| 6:27 | Guard Tower |
| 6:32 | Arcane Vault |
| 6:34 | Keep |
| 6:40 | Bash |
| 6:41 | Bash |
| 6:45 | Holy Light |
| 6:57 | Guard Tower |
| 6:59 | Scout Tower |
| 7:40 | Peasant |
| 7:41 | Peasant |
| 7:53 | Town Hall |
| 7:59 | Guard Tower |
| 8:01 | Scout Tower |
| 8:06 | Blacksmith |
| 8:09 | Scout Tower |
| 9:35 | Guard Tower |
| 9:36 | Scout Tower |
| 9:41 | Altar of Kings |
| 9:42 | Peasant |
| 9:42 | Peasant |
| 9:58 | Boots of Speed |
| 10:09 | Scout Tower |
| 10:10 | Scout Tower |
| 10:10 | Scout Tower |
| 10:11 | Scout Tower |
| 10:20 | Farm |
| 10:27 | Lumber Mill |
| 10:54 | Divine Shield |
| 10:55 | Divine Shield |
| 10:55 | Divine Shield |
| 10:55 | Divine Shield |
| 10:55 | Divine Shield |
| 11:33 | Advanced Lumber Harvesting |
| 11:39 | Farm |
| 11:52 | Scout Tower |
| 11:56 | Scout Tower |
| 11:58 | Guard Tower |
| 12:06 | Advanced Masonry |
| 12:10 | Holy Light |
| 12:26 | Peasant |
| 12:31 | Arcane Tower |
| 12:33 | Arcane Tower |
| 12:34 | Scout Tower |
| 12:35 | Scout Tower |
| 12:50 | Arcane Sanctum |
| 12:51 | Arcane Sanctum |
| 12:57 | Peasant |
| 13:06 | Guard Tower |
| 13:14 | Arcane Tower |
| 13:48 | Arcane Tower |
| 14:06 | Castle |
| 14:17 | Guard Tower |
| 14:47 | Town Hall |
| 14:53 | Storm Bolt |
| 15:15 | Scout Tower |
| 15:15 | Scout Tower |
| 15:16 | Scout Tower |
| 15:17 | Scout Tower |
| 15:18 | Scout Tower |
| 15:47 | Storm Bolt |
| 16:26 | Boots of Speed |
| 16:27 | Boots of Speed |
| 16:31 | Workshop |
| 17:02 | Mortar Team |
| 17:10 | Workshop |
| 17:29 | Mortar Team |
| 17:33 | Farm |
| 20:30 | Guard Tower |
| 20:33 | Peasant |
| 20:33 | Peasant |
| 20:33 | Peasant |
| 20:33 | Peasant |
| 20:45 | Imbued Masonry |
| 20:53 | Brilliance Aura |
| 21:04 | Divine Shield |
| 21:05 | Divine Shield |
| 22:01 | Fragmentation Shards |
| 22:01 | Flare |
| 22:26 | Scout Tower |
| 22:28 | Scout Tower |
| 22:28 | Scout Tower |
| 22:29 | Scout Tower |
| 22:29 | Scout Tower |
| 22:30 | Scout Tower |
| 22:31 | Scout Tower |
| 23:50 | Arcane Tower |
| 23:59 | Magic Sentry |
| 24:01 | Arcane Tower |
| 24:05 | Scout Tower |
| 24:06 | Scout Tower |
| 24:06 | Scout Tower |
| 24:07 | Scout Tower |
| 24:07 | Scout Tower |
| 25:42 | Guard Tower |
| 25:59 | Peasant |
| 25:59 | Peasant |
| 25:59 | Peasant |
| 26:01 | Peasant |
| 29:50 | Bash |
| 29:51 | Holy Light |
| 30:02 | Blizzard |
| 31:32 | Town Hall |
| 32:04 | Boots of Speed |
| 36:05 | Divine Shield |
| 37:11 | Storm Bolt |
| 38:50 | Holy Light |
| Right click | 1659 |
| Select group | 555 |
| Select | 452 |
| Misc. action | 141 |
| Use ability | 137 |
| Build/train/purchase | 136 |
| Resource trade | 48 |
| Chat | 26 |
| Assign group | 18 |
| Minimap ping | 11 |
| Esc | 7 |
| Item give/drop | 1 |
Cabeelibob
(194)
(40:27) : 
| Orb of Lightning | 1 | 375 |
| Tiny Great Hall | 3 | 1800 |
| Potion of Healing | 2 | 300 |
| Potion of Mana | 2 | 400 |
| Lesser Clarity Potion | 3 | 210 |
| Boots of Speed | 1 | 250 |
| Staff of Teleportation | 1 | 150 |
| total: | 13 | 3485g |
| Peon | 41 | 3075 | / | 0 |
| Kodo Beast | 1 | 255 | / | 60 |
| Troll Witch Doctor | 4 | 580 | / | 100 |
| Shaman | 2 | 260 | / | 40 |
| total: | 48 | 4170g | / | 200w |
| Watch Tower | 5 | 550 | / | 400 |
| Altar of Storms | 2 | 360 | / | 100 |
| Orc Burrow | 5 | 800 | / | 200 |
| War Mill | 2 | 410 | / | 0 |
| Voodoo Lounge | 2 | 260 | / | 60 |
| Great Hall | 2 | 770 | / | 370 |
| Spirit Lodge | 1 | 150 | / | 150 |
| Beastiary | 1 | 145 | / | 140 |
| Stronghold | 1 | 315 | / | 190 |
| Fortress | 1 | 325 | / | 190 |
| total: | 20 | 3445g | / | 1420w |
| 0:06 | Altar of Storms |
| 0:09 | Orc Burrow |
| 0:15 | Peon |
| 0:21 | Peon |
| 0:21 | Peon |
| 1:11 | Peon |
| 1:11 | Peon |
| 1:11 | Peon |
| 1:18 | War Mill |
| 1:24 | Peon |
| 1:44 | Orc Burrow |
| 2:10 | Voodoo Lounge |
| 2:19 | Wind Walk |
| 2:29 | Peon |
| 2:29 | Peon |
| 2:29 | Peon |
| 2:34 | Spiked Barricades |
| 4:05 | Great Hall |
| 4:08 | Voodoo Lounge |
| 4:15 | Peon |
| 4:15 | Peon |
| 4:15 | Peon |
| 4:15 | Peon |
| 4:15 | Peon |
| 4:15 | Peon |
| 6:30 | Stronghold |
| 8:08 | Orc Burrow |
| 9:05 | Watch Tower |
| 9:06 | Watch Tower |
| 9:08 | Watch Tower |
| 9:08 | Watch Tower |
| 9:13 | Watch Tower |
| 9:39 | Boots of Speed |
| 9:44 | Staff of Teleportation |
| 10:44 | Fortress |
| 11:14 | Critical Strike |
| 11:31 | Spirit Lodge |
| 11:34 | Beastiary |
| 12:47 | Kodo Beast |
| 12:52 | War Mill |
| 12:54 | Witch Doctor Adept Training |
| 13:37 | War Drums Damage Increase |
| 13:45 | Orb of Lightning |
| 13:54 | Tiny Great Hall |
| 17:09 | Critical Strike |
| 17:48 | Witch Doctor Master Training |
| 17:49 | Troll Witch Doctor |
| 17:49 | Troll Witch Doctor |
| 17:49 | Troll Witch Doctor |
| 17:49 | Troll Witch Doctor |
| 18:23 | Potion of Healing |
| 18:57 | Wind Walk |
| 20:35 | Reinforced Defenses |
| 21:24 | Peon |
| 21:24 | Peon |
| 21:24 | Peon |
| 21:24 | Peon |
| 21:26 | Peon |
| 22:16 | Orc Burrow |
| 22:26 | Orc Burrow |
| 22:33 | Shaman Adept Training |
| 23:11 | Peon |
| 23:11 | Peon |
| 23:11 | Peon |
| 23:11 | Peon |
| 23:11 | Peon |
| 24:59 | Peon |
| 25:00 | Peon |
| 25:00 | Peon |
| 25:00 | Peon |
| 25:01 | Peon |
| 25:23 | Altar of Storms |
| 25:39 | Shaman Master Training |
| 25:41 | Shaman |
| 25:41 | Shaman |
| 25:45 | Improved Spiked Barricades |
| 27:45 | Great Hall |
| 28:46 | Potion of Healing |
| 28:49 | Potion of Mana |
| 28:52 | Lesser Clarity Potion |
| 29:00 | Tiny Great Hall |
| 30:23 | Peon |
| 30:23 | Peon |
| 30:23 | Peon |
| 30:24 | Peon |
| 30:27 | Lesser Clarity Potion |
| 31:50 | Peon |
| 31:50 | Peon |
| 31:51 | Peon |
| 31:51 | Peon |
| 31:51 | Peon |
| 31:51 | Peon |
| 32:27 | Critical Strike |
| 35:11 | Bladestorm |
| 36:21 | Potion of Mana |
| 36:23 | Lesser Clarity Potion |
| 36:25 | Tiny Great Hall |
| 39:07 | Wind Walk |
| Right click | 1181 |
| Select | 231 |
| Select group | 162 |
| Build/train/purchase | 147 |
| Misc. action | 131 |
| Resource trade | 78 |
| Chat | 61 |
| Use ability | 28 |
| Remove unit | 15 |
| Item give/drop | 10 |
| Assign group | 3 |
| Minimap ping | 3 |